 Seeded DCSS version 0.31-a0-208-gdb31a4691d (webtiles) character file.

Game seed: 10414033630809901341 (custom seed)

226 innerfire43 the Slasher (level 5, 0/41 HPs)
             Began as a Demonspawn Monk on June 28, 2023.
             Was a Priest of Jiyva.
             Slain by a kobold
             ... wielding a +0 dagger
              (3 damage)
             ... on level 3 of the Dungeon.
             The game lasted 00:02:44 (2653 turns).

innerfire43 the Slasher (Demonspawn Monk)           Turns: 2653, Time: 00:02:44

Health: 0/41       AC:  3    Str: 14    XL:     5   Next: 69%
Magic:  5/5        EV: 14    Int: 11    God:    Jiyva [***...]
Gold:   127        SH:  5    Dex: 15    Spells: 4/4 levels left

rFire   + + +        n - +9 great sword of Sewiefups {heavy, Stlth+}
rCold   . . .        (shield currently unavailable)
rNeg    . . .        b - +0 robe
rPois   .            (no helmet)
rElec   .            (no cloak)
rCorr   +            h - +0 pair of gloves
SInv    .            (no boots)
Will    .....        k - amulet of reflection
Stlth   ++           f - +4 ring of slaying
HPRegen 1.38/turn    (no ring)
MPRegen 0.44/turn

%: reflection
@: lethally poisoned (0 -> -1)
A: hooves 2, demonic guardian 1, fire resistance 3, sense surroundings 1
a: Renounce Religion, Oozemancy


You were on level 3 of the Dungeon.
You worshipped Jiyva.
Jiyva was most pleased with you.
You visited 1 branch of the dungeon, and saw 3 of its levels.

You collected 127 gold pieces.

Inventory:

Hand Weapons
 a - a +0 falchion
 n - the +9 great sword of Sewiefups (weapon) {heavy, Stlth+}
   (You found it on level 2 of the Dungeon)

   Stlth:     It makes you more stealthy.
Armour
 b - a +0 robe (worn)
 d - an orb of light
 h - a +0 pair of gloves (worn)
Jewellery
 f - a +4 ring of slaying (left hand)
 k - an amulet of reflection (around neck)
 r - a ring of positive energy
Scrolls
 e - 3 scrolls of identify {unknown}
 g - 3 scrolls of revelation {unknown}
 j - 3 scrolls of teleportation {unknown}
 l - a scroll of blinking {unknown}
 o - a scroll of fear
Potions
 c - 2 potions of ambrosia
 q - 2 potions of curing {unknown}


   Skills:
 - Level 3.0 Fighting
 * Level 4.5 Long Blades
 * Level 4.5 Dodging


You had 4 spell levels left.
You didn't know any spells.
Your spell library was empty.

Dungeon Overview and Level Annotations

Branches:
Dungeon (3/15)

Altars:
Wu Jian
Jiyva

Annotations:
D:3 innerfire43's ghost, novice DsMo


Innate Abilities, Weirdness & Mutations

You have hoof-like feet.
A weak demonic guardian rushes to your aid.
Your flesh is almost immune to the effects of heat. (rF+++)
You passively map a small area around you.


Message History

You barely miss the kobold. You kick the kobold.
The kobold is heavily wounded.
The kobold hits you but does no damage.
The kobold brigand hits you with a +2 whip of chaos!
You feel drained. The kobold barely misses you.
The kobold brigand hits you with a +2 whip of chaos.
Innerfire43's ghost closely misses you.
You slice the kobold brigand!!
You kill the kobold brigand!
Innerfire43's ghost closely misses you.
The kobold zaps a wand.
The puff of flame hits you. You resist.
The kobold throws a stone.
The stone barely misses you. The kobold hits you but does no damage.
You are poisoned.
Innerfire43's ghost hits you! You block innerfire43's ghost's attack.
The kobold closely misses you.
Your life force feels restored.
You cut the kobold into ribbons!!!
You kill the kobold!
You feel very sick. You block the kobold's attack.
The kobold hits you but does no damage. Innerfire43's ghost hits you!!
* * * LOW HITPOINT WARNING * * *
A demonic guardian appears!
The kobold barely misses you. The kobold completely misses you.
The kobold barely misses you. The kobold hits you but does no damage.
The kobold closely misses you. Innerfire43's ghost misses you.
It was a potion of heal wounds.
You feel much better.
You feel sick.
The kobold hits you with a +1 dagger of distortion.
Space warps around you!
Your ufetubus hits the kobold.
The kobold dies!
The kobold barely misses you. The kobold completely misses you.
Innerfire43's ghost ripples.
Innerfire43's ghost hits you!
* * * LOW HITPOINT WARNING * * *
The kobold attacks as you move away! You block the kobold's attack.
You feel sick.
Your ufetubus hits innerfire43's ghost but does no damage.
Your ufetubus closely misses innerfire43's ghost.
The kobold hits you with a +0 dagger.
You die...

#.# #### #.#
#.§##### #.#
#.##~⌠~## #.#
#.#.....# #####.##
##§'.###..##.......
#KW§......##.##...#
#5KK.###..#........
#§@#K....###.#.....
#§§##~⌠~## #.......
#§§§##### #####.##
#.###.# #...
#.....# #.##
#####.# ##.## #.#
##...# #.## ##.....
#..## ##......


You could see innerfire43's ghost, 4 kobolds and a friendly ufetubus (summoned).

Vanquished Creatures
  A kobold brigand (D:3)
  Terence (D:2)
  4 adders
  2 worms
  2 dart slugs
  7 orcs (D:3)
  5 endoplasms (D:1)
  A giant cockroach (D:1)
  7 goblins
  4 hobgoblins
  7 jackals
  6 kobolds
  4 quokkas
  7 ball pythons
  8 bats
  4 frilled lizards
  5 rats
75 creatures vanquished.

Vanquished Creatures (collateral kills)
  A kobold (D:3)
1 creature vanquished.

Vanquished Creatures (others)
  A jelly (D:3)
  A goblin (D:3)
  A kobold (D:3)
3 creatures vanquished.

Grand Total: 79 creatures vanquished

Notes
Turn   | Place    | Note
-------+----------+-------------------------------------------
     0 | D:1      | innerfire43 the Demonspawn Monk began the quest for the
                  | Orb.
     0 | D:1      | Reached XP level 1. HP: 18/18 MP: 1/1
   146 | D:1      | Gained mutation: A weak demonic guardian rushes to your
                  | aid. [demonic ancestry]
   146 | D:1      | Reached XP level 2. HP: 20/24 MP: 2/2
   482 | D:1      | Discovered your monstrous ancestry.
   482 | D:1      | Gained mutation: You have large cloven feet. [demonic
                  | ancestry]
   482 | D:1      | Reached XP level 3. HP: 29/29 MP: 3/3
   772 | D:2      | Identified the +9 great sword of Sewiefups {heavy, Stlth+}
   991 | D:2      | Noticed Terence
   994 | D:2      | Killed Terence
   995 | D:2      | Gained mutation: You have hoof-like feet. [demonic
                  | ancestry]
   995 | D:2      | Reached XP level 4. HP: 34/35 MP: 4/4
  1670 | D:3      | Found a faded altar of an unknown god.
  1725 | D:3      | Reached XP level 5. HP: 41/41 MP: 5/5
  1776 | D:3      | Prayed at the altar of an unknown god.
  1776 | D:3      | Became a worshipper of Jiyva Joypati the Shapeless
  1776 | D:3      | Reached * piety under Jiyva
  1776 | D:3      | Reached ** piety under Jiyva
  1880 | D:3      | Reached *** piety under Jiyva
  1909 | D:3      | Found a runed translucent gate.
  1909 | D:3      | Found a runed translucent gate.
  1909 | D:3      | Found a runed translucent gate.
  1910 | D:3      | Noticed innerfire43's ghost (novice DsMo)
  2020 | D:3      | Gained mutation: Your flesh is heat resistant. (rF+)
                  | [Jiyva's grace]
  2020 | D:3      | Gained mutation: Your flesh is very heat resistant. (rF++)
                  | [Jiyva's grace]
  2020 | D:3      | Gained mutation: Your flesh is almost immune to the effects
                  | of heat. (rF+++) [Jiyva's grace]
  2020 | D:3      | Gained mutation: You passively map a small area around you.
                  | [Jiyva's grace]
  2171 | D:3      | Found an ornate altar of the Wu Jian Council.
  2651 | D:3      | HP: 2/41 [innerfire43's ghost (19)]
  2653 | D:3      | Slain by a kobold

Illustrated notes

Levels and vault maps discovered:
D:1:      heliophobic_arrival_henge, layout_basic
D:2:      layout_rooms, uniq_terence
D:3:      layout_loops_corners, mainiacjoe_overflow_cross_hatched,
          nicolae_wu_jian_immortal_techniques, gammafunk_ghost_nasty_kobolds,
          shapermc_ecumenical_altar_flowoftime

Skill      XL: |  1  2  3  4 |
---------------+-------------+-----
Long Blades    | 3 4 |  4.5
Dodging        | 3 4 |  4.5
Fighting       | |  3.0

Action                     |  1- 3 |  4- 6 || total
---------------------------+-------+-------++-------
  Melee: Falchion          |    68 |       ||    68
         Great sword       |    16 |    49 ||    65
         Kick              |     3 |    10 ||    13
    Use: Scroll            |       |     3 ||     3
         Potion            |       |     1 ||     1
   Stab: Sleeping          |     1 |    11 ||    12
 Armour: Robe              |    18 |    10 ||    28
  Dodge: Dodged            |    72 |    35 ||   107
  Block: Other             |     5 |    19 ||    24
         Reflection        |       |     2 ||     2

Table legend: (Time is in decaauts)
 A = Elapsed time spent in this place.
 B = Non-inter-level travel time spent in this place.
 C = Inter-level travel time spent in this place.
 D = Time resting spent in this place.
 E = Time spent auto-exploring this place.
 F = Levels seen in this place.
 G = Mean time per level.
                   A        B        C        D        E       F      G
               +--------+--------+--------+--------+--------+-----+--------+
         Total |   2743 |   2644 |     99 |      0 |   1802 |   3 |  914.3 |
       Dungeon |   2743 |   2644 |     99 |      0 |   1802 |   3 |  914.3 |
               +--------+--------+--------+--------+--------+-----+--------+

Top non-repeatable levels by time:
     D:3: 1476 daAuts
     D:1: 772 daAuts
     D:2: 494 daAuts
